 Dungeon Crawl Stone Soup version 0.26.1-2-gb8aa6d0cf2 (webtiles) character file.

Game seed: 1447676733175609257

199 nightchill the Chopper (level 5, -7/46 HPs)
             Began as a Ghoul Warper on Feb 17, 2021.
             Mangled by Crazy Yiuf
             ... wielding a +4 quarterstaff of chaos
              (9 damage)
             ... on level 4 of the Dungeon.
             The game lasted 00:06:28 (4394 turns).

nightchill the Chopper (Ghoul Warper)               Turns: 4394, Time: 00:06:28

Health: -7/46      AC:  5    Str: 15 (16) XL:     5   Next: 77%
Magic:  6/6        EV: 12    Int:  5 (8)  God:
Gold:   234        SH:  6    Dex:  7 (8)  Spells: 7/7 levels left

rFire    . . .     SeeInvis .   a - +0 hand axe
rCold    + . .     Faith    .   j - +0 kite shield (curse)
rNeg     + + +     Spirit   .   c - +0 ring mail
rPois    ∞         Reflect  .   i - +0 hat
rElec    .         Harm     .   (no cloak)
rCorr    .         Rampage  .   (no gloves)
Will     .....                  (no boots)
Stlth    ..........             (no amulet)
HPRegen  0.00/turn              (no ring)
MPRegen  0.10/turn              (no ring)

@: agile, slowed, very slow
A: claws 1, cold resistance 1, negative energy resistance 3, inhibited
regeneration, torment resistance, unbreathing
a: no special abilities


You were on level 4 of the Dungeon.
You visited 1 branch of the dungeon, and saw 4 of its levels.

You collected 234 gold pieces.

Inventory:

Hand Weapons
 a - a +0 hand axe (weapon)
Missiles
 e - 5 boomerangs of dispersal (quivered)
 k - 4 atropa-tipped darts
Armour
 b - a +0 leather armour
 c - a +0 ring mail (worn)
 i - a +0 hat (worn)
 j - a cursed +0 kite shield (worn)
Magical Staves
 q - a cursed staff of fire {unknown}
Jewellery
 o - a +4 ring of evasion {unknown}
Scrolls
 d - 2 scrolls of blinking
 f - 2 scrolls of teleportation {unknown}
 h - 2 scrolls of remove curse {unknown}
 l - 4 scrolls of identify {unknown}
 n - a scroll of fear {unknown}
 p - 2 scrolls of noise {unknown}
 s - a scroll of amnesia {unknown}
 u - a scroll of magic mapping {unknown}
Potions
 g - a potion of flight
 m - a potion of invisibility {unknown}
 v - a potion of resistance {unknown}


   Skills:
 + Level 4.0 Fighting
 * Level 4.4 Axes
 - Level 0.8 Throwing
 - Level 0.8 Armour
 - Level 1.7 Dodging
 - Level 1.7 Spellcasting
 - Level 2.6 Translocations


You had 7 spell levels left.
You didn't know any spells.
Your spell library contained the following spells:

 Spells                   Type           Power        Failure   Level
 Blink                    Tloc           N/A          97%         2
 Gell's Gravitas          Tloc           1%           99%         3
 Lesser Beckoning         Tloc           1%           99%         3
 Teleport Other           Tloc           3%           99%         3
 Passage of Golubria      Tloc           N/A          100%        4


Dungeon Overview and Level Annotations

Branches:
Dungeon (4/15)
 Temple: D:4-7

Altars:
Fedhas

Annotations:
D:4 Crazy Yiuf


Innate Abilities, Weirdness & Mutations

You thrive by killing the living.
You are immune to poison.
You have sharp fingernails.
Your flesh is cold resistant. (rC+)
You are immune to negative energy. (rN+++)
You do not regenerate when monsters are visible.
You are immune to unholy pain and torment.
You can survive without breathing.


Message History

Crazy Yiuf is moderately wounded.
Crazy Yiuf closely misses you.
You hit Crazy Yiuf.
Crazy Yiuf is heavily wounded.
Crazy Yiuf hits you with a +4 quarterstaff of chaos.
* * * LOW HITPOINT WARNING * * *
Crazy Yiuf hits you with a +4 quarterstaff of chaos.
* * * LOW HITPOINT WARNING * * *
Crazy Yiuf burns you.
* * * LOW HITPOINT WARNING * * *
You hit Crazy Yiuf.
Crazy Yiuf is severely wounded.
Crazy Yiuf hits you but does no damage.
Crazy Yiuf hits you with a +4 quarterstaff of chaos.
* * * LOW HITPOINT WARNING * * *
It was a potion of degeneration.
There was something very wrong with that liquid.
You feel weakened.
You feel dopey.
You feel clumsy.
Crazy Yiuf hits you with a +4 quarterstaff of chaos!
You die...

##### #..)# #...# ...
##+### #g# #....# ♣♣@♣
#....# ♣.♣♣ #..^.# ♣♣.♣
#.>..# ♣.♣♣
#....####### ♣♣.♣♣
#........... ♣.).♣♣
#........... ♣....♣
#........... #..).#
#...........
#####).#####...........


You could see Crazy Yiuf.

Vanquished Creatures
  2 orc wizards (D:3)
  4 adders
  2 worms
  2 dart slugs
  5 leopard geckos
  6 orcs (D:3)
  2 ball pythons (D:2)
  11 bats
  6 giant cockroaches
  12 goblins
  11 hobgoblins
  6 jackals
  6 frilled lizards
  3 kobolds
  4 rats
82 creatures vanquished.

Notes
Turn   | Place    | Note
-------+----------+-------------------------------------------
     0 | D:1      | nightchill the Ghoul Warper began the quest for the Orb.
     0 | D:1      | Reached XP level 1. HP: 17/17 MP: 2/2
   192 | D:1      | Reached XP level 2. HP: 15/25 MP: 3/3
   956 | D:1      | Reached XP level 3. HP: 30/30 MP: 4/4
   998 | D:1      | HP: 1/30 [kobold/+0 short sword (1)]
  2256 | D:2      | Reached XP level 4. HP: 24/38 MP: 5/5
  3021 | D:3      | Reached XP level 5. HP: 45/45 MP: 6/6
  4064 | D:4      | Found a blossoming altar of Fedhas.
  4375 | D:4      | Found a runed translucent door.
  4376 | D:4      | Noticed Crazy Yiuf
  4393 | D:4      | HP: 2/46 [Crazy Yiuf/+4 quarterstaff of chaos (5)]
  4394 | D:4      | Mangled by Crazy Yiuf

Illustrated notes

Levels and vault maps discovered:
D:1:      amcnicky_arrival_flooded_fountain, layout_basic,
          minmay_small_reverse_x
D:2:      layout_loops_ring
D:3:      layout_loops_ring
D:4:      layout_gridville, old_standard_altar, xom_teletrap_fun,
          uniq_blork_the_orc, uniq_robin, uniq_crazy_yiuf_cottage

Skill      XL: |  1  2  3  4  5 |
---------------+----------------+-----
Axes           | 2 3 4 |  4.4
Fighting       | 3 4 |  4.0
Throwing       | |  0.8
Armour         | |  0.8
Dodging        | |  1.7
Spellcasting   | |  1.7
Translocations | |  2.6

Action                   |  1- 3 |  4- 6 || total
-------------------------+-------+-------++-------
Melee: Hand axe          |   210 |   206 ||   416
  Use: Potion            |     3 |     2 ||     5
Armor: Ring mail         |    96 |    73 ||   169
       Leather armour    |     6 |       ||     6
Dodge: Dodged            |   109 |    66 ||   175
Block: Kite shield       |    58 |    53 ||   111
